 Dungeon Crawl Stone Soup version 0.24-a0-653-g3936067ed8 (webtiles) character file.

Game seed: 2505494626734871316, levelgen mode: deterministic

1361 MalarOregon the Conjurer (level 8, 0/66 HPs)
             Began as a Yellow Draconian Conjurer on Sept 27, 2019.
             Killed from afar by Dowan (10 damage)
             ... with a stone arrow
             ... on level 6 of the Dungeon.
             The game lasted 00:11:56 (8639 turns).

MalarOregon the Conjurer (DrCj)                     Turns: 8639, Time: 00:11:57

Health: 0/66       AC:  7    Str: 10    XL:     8   Next: 37%
Magic:  4/16       EV: 14    Int: 18    God:
Gold:   279        SH:  0    Dex: 12    Spells: 13/18 levels left

rFire    . . .     SeeInvis .   k - +0 dagger (speed)
rCold    . . .     Gourm    .   (no shield)
rNeg     . . .     Faith    .   (armour unavailable)
rPois    .         Spirit   .   (helmet restricted)
rElec    .         Reflect  .   (no cloak)
rCorr    +         Harm     .   c - +0 pair of gloves
MR       .....                  (no boots)
Stlth    ++........             (no amulet)
HPRegen  0.21/turn              (no ring)
MPRegen  0.15/turn              (no ring)

@: short of breath
A: spit acid, unfitting armour, cold-blooded, acid resistance, AC +6
a: Breathe Acid


You were on level 6 of the Dungeon.
You were not hungry.

You visited 1 branch of the dungeon, and saw 6 of its levels.

You collected 279 gold pieces.

Inventory:

Hand Weapons
 k - a +0 dagger of speed (weapon)
   (You found it on level 1 of the Dungeon)
Missiles
 t - 2 poisoned darts (quivered)
 z - 5 curare-tipped darts {!f}
Armour
 c - a +0 pair of gloves (worn)
   (You found it on level 1 of the Dungeon)
Jewellery
 n - an uncursed ring of flight {unknown}
   (You found it on level 2 of the Dungeon)
 B - an uncursed ring of see invisible {unknown}
   (You found it on level 6 of the Dungeon)
 E - a +4 ring of protection {unknown}
   (You found it on level 1 of the Dungeon)
Wands
 d - a wand of iceblast (7)
   (You found it on level 6 of the Dungeon)
 r - a wand of polymorph (12)
   (You took it off Robin on level 2 of the Dungeon)
 u - a wand of paralysis (13)
   (You found it on level 4 of the Dungeon)
 v - a wand of digging (4)
   (You took it off Ijyb on level 5 of the Dungeon)
 x - a wand of acid (14)
   (You found it on level 5 of the Dungeon)
Scrolls
 a - 7 scrolls of identify {unknown}
 g - 2 scrolls of enchant weapon {unknown}
 i - 2 scrolls of fog {unknown}
 j - 2 scrolls of noise {unknown}
 m - 2 scrolls of immolation {unknown}
 o - a scroll of enchant armour {unknown}
 p - 2 scrolls of teleportation {unknown}
 s - 2 scrolls of fear {unknown}
 y - a scroll of amnesia {unknown}
 A - a scroll of blinking {unknown}
 C - a scroll of remove curse {unknown}
Potions
 b - 2 potions of curing {unknown}
 f - a potion of ambrosia {unknown}
 h - 5 potions of heal wounds {unknown}
 l - a potion of agility {unknown}
 q - a potion of might
 w - a potion of haste {@q3}
Comestibles
 e - 9 rations {!d}
 D - 7 chunks of flesh


   Skills:
 + Level 4.2 Fighting
 + Level 4.1 Dodging
 - Level 1.7 Stealth
 * Level 5.7 Spellcasting
 * Level 7.1 Conjurations


You had 13 spell levels left.
You knew the following spells:

 Your Spells              Type           Power        Failure   Level  Hunger
a - Magic Dart            Conj           ####         1%          1    None
x - Iskenderun's Mystic   Conj           ####....     6%          4    ####...

Your spell library contained the following spells:

 Spells                   Type           Power        Failure   Level  Hunger
 Searing Ray              Conj           ####..       1%          2    None
 Dazzling Spray           Conj/Hex       ###...       9%          3    ##.....
 Force Lance              Conj/Tloc      ###.....     28%         4    ####...
 Fulminant Prism          Conj/Hex       ###.......   28%         4    ####...


Dungeon Overview and Level Annotations

Branches:
Dungeon (6/15)
 Temple: D:4-7

Altars:
Kikubaaqudgha
Nemelex Xobeh
Okawaru
Zin
The Shining One

Annotations:
D:6 Dowan


Innate Abilities, Weirdness & Mutations

You can spit globs of acid.
Your golden yellow scales are hard. (AC +6)
You cannot fit into any form of body armour.
You are cold-blooded and may be slowed by cold attacks.
You are resistant to acid. (rCorr)


Message History

Dowan gestures wildly while chanting.
Dowan blinks!
Duvessa hits you with a +0 rapier.
You don't have enough magic to cast that spell.
Aim: Duvessa, wielding a +0 rapier and wearing a +0 leather armour (almost dead)
The magic dart hits Duvessa but does no damage.
Duvessa barely misses you.
You closely miss Duvessa.
Your tail-slap misses Duvessa.
You hit Duvessa but do no damage.
Duvessa says, "My weaknesses are his strengths!"
Duvessa hits you with a +0 rapier!
You closely miss Duvessa. You hit Duvessa but do no damage.
Your tail-slap misses Duvessa.
Duvessa hits you with a +0 rapier!
You hit Duvessa but do no damage. Duvessa misses you.
You hit Duvessa but do no damage. You barely miss Duvessa.
Duvessa hits you but does no damage.
You hit Duvessa but do no damage. You hit Duvessa but do no damage.
Duvessa hits you but does no damage.
You hit Duvessa but do no damage. Duvessa closely misses you.
You hit Duvessa. You barely miss Duvessa.
You tail-slap Duvessa, but do no damage.
Duvessa hits you with a +0 rapier!
* * * LOW HITPOINT WARNING * * *
Aim: Duvessa, wielding a +0 rapier and wearing a +0 leather armour (almost dead)
You spit a glob of acid.
The glob of acid hits Duvessa!
Duvessa is splashed with acid.
You kill Duvessa!
Dowan screams, "No!
No!"
Dowan seems to find hidden reserves of power!
You feel somewhat more hungry.
You completely miss Dowan.
Your tail-slap misses Dowan.
Dowan gestures wildly while chanting.
Dowan blinks!
Things that are here:
a +0 rapier; a +0 leather armour; the elf corpse of Duvessa Dowan casts a spell.
Dowan blinks!
There is an open door here.
Dowan points at you and mumbles some strange words.
The shard of ice hits you!
* * * LOW HITPOINT WARNING * * *
You close the door.
Dowan opens the door.
Dowan says, "Magic will overcome all!"
Things that are here:
a +0 rapier; a +0 leather armour; the elf corpse of Duvessa Dowan gestures at you while chanting.
The stone arrow hits you!
You die...

.. #.# #. #.## #.# #+## .).
##.# #...# ###)# #..# #.....
#.#.# #..## #.[.$..
....##########...####†......
..................)e')......
.....#####.###.>@####.......
#....# #.# #...# #......
###.## #.###.#.# #..... #.#
#.##..#.# #...# #.#
#.##.##.# #+## #.# #.##.##.#
###.# #.......# ....#
####.#### ##### #.#


You could see Dowan.

Vanquished Creatures
  Eustachio (D:6)
  Duvessa (D:6)
  A phantom (D:5)
  2 centaurs
  A big kobold (D:4)
  3 scorpions
  2 crimson imps (D:5)
  A jelly (D:4)
  A hound (D:4)
  An iguana (D:5)
  Ijyb (D:5)
  Natasha (twice) (D:3)
  An orc wizard (D:5)
  2 worker ants (D:6)
  A hound skeleton (D:5)
  Robin (D:2)
  8 gnolls
  13 adders
  A shadow imp (D:5)
  An ooze (D:4)
  5 worms
  A dart slug (D:2)
  A leopard gecko (D:5)
  13 orcs
  5 giant cockroaches
  20 goblins
  11 hobgoblins
  9 jackals
  14 kobolds
  A quokka (D:2)
  2 ball pythons
  6 bats
  A frilled lizard (D:1)
  A quokka skeleton (D:4)
  4 rats
139 creatures vanquished.

Vanquished Creatures (others)
  A kobold (D:5)
1 creature vanquished.

Grand Total: 140 creatures vanquished

Notes
Turn   | Place    | Note
-------+----------+-------------------------------------------
     0 | D:1      | MalarOregon the Draconian Conjurer began the quest for the
                  | Orb.
     0 | D:1      | Reached XP level 1. HP: 14/14 MP: 3/3
   364 | D:1      | Reached XP level 2. HP: 8/22 MP: 0/5
   813 | D:1      | Reached skill level 1 in Fighting
   905 | D:1      | Reached XP level 3. HP: 28/28 MP: 6/6
  1439 | D:2      | Reached XP level 4. HP: 20/35 MP: 2/8
  2311 | D:2      | Found a glowing silver altar of Zin.
  2312 | D:2      | Noticed an angel
  2407 | D:2      | Reached XP level 5. HP: 39/41 MP: 1/9
  3264 | D:3      | Noticed Natasha
  3272 | D:3      | Killed Natasha
  3272 | D:3      | Reached skill level 5 in Conjurations
  3650 | D:3      | Noticed Robin
  3650 | D:3      | Noticed Natasha
  3682 | D:2      | Killed Robin
  3744 | D:2      | Learned a level 4 spell: Iskenderun's Mystic Blast
  3750 | D:3      | Killed Natasha
  3949 | D:3      | Reached XP level 6. HP: 49/49 MP: 6/11
  4750 | D:5      | Entered Level 5 of the Dungeon
  5767 | D:5      | Your scales start taking on a golden yellow colour.
  5767 | D:5      | Reached XP level 7. HP: 46/57 MP: 0/13
  5767 | D:5      | Gained mutation: You are resistant to acid. (rCorr) [Yellow
                  | Draconian growth]
  5886 | D:5      | Noticed Ijyb
  5897 | D:5      | Killed Ijyb
  6183 | D:5      | Reached skill level 6 in Conjurations
  6711 | D:5      | Reached skill level 5 in Spellcasting
  6749 | D:5      | Found an iron altar of Okawaru.
  7698 | D:6      | Found a glowing golden altar of the Shining One.
  7698 | D:6      | Found a sparkling altar of Nemelex Xobeh.
  7699 | D:6      | Found an ancient bone altar of Kikubaaqudgha.
  7855 | D:6      | Noticed Eustachio
  7869 | D:6      | Killed Eustachio
  7869 | D:6      | Reached XP level 8. HP: 66/66 MP: 3/15
  8422 | D:6      | Reached skill level 7 in Conjurations
  8591 | D:6      | Noticed Dowan
  8591 | D:6      | Noticed Duvessa
  8630 | D:6      | Killed Duvessa
  8639 | D:6      | Killed from afar by Dowan

Levels and vault maps discovered:
D:1:      mushboom_english_gardens, layout_basic, minmay_pentomino_u4
D:2:      minmay_skewed_foursquare, layout_loops_corners, zin_angel,
          first_ration
D:3:      layout_loops_ring, uniq_robin, uniq_natasha
D:4:      layout_rooms, nrook_mini_vaults
D:5:      layout_cave_pods, okawaru_altar_gauntlet_db, uniq_ijyb
D:6:      black_bear_nest_2, layout_loops_corners,
          gammafunk_temple_overflow_forgotten, minmay_temple_entry_glassed_door,
          uniq_duvessa, uniq_eustachio

Skill      XL: |  1  2  3  4  5  6  7  8 |
---------------+-------------------------+-----
Dodging        | 2 3 4 |  4.1
Fighting       | 1 2 3 4 |  4.2
Spellcasting   | 3 4 5 |  5.7
Conjurations   | 5 6 7 |  7.1
Stealth        | |  1.7

Action                   |  1- 3 |  4- 6 |  7- 9 || total
-------------------------+-------+-------+-------++-------
Melee: Unarmed           |    17 |     1 |       ||    18
       Dagger            |    91 |    65 |   139 ||   295
       Tailslap          |    13 |     7 |    19 ||    39
Throw: Dart              |       |     1 |       ||     1
 Cast: Magic Dart        |    46 |   186 |   122 ||   354
       Iskenderun's Myst |       |     1 |    17 ||    18
 Abil: Breathe Acid      |       |       |     4 ||     4
 Stab: Sleeping          |     2 |       |       ||     2
       Distracted        |       |     1 |     1 ||     2
  Eat: Chunk             |     2 |    10 |     6 ||    18
       Ration            |       |     1 |     2 ||     3
Armor: Skin              |    21 |    51 |    34 ||   106
Dodge: Dodged            |    68 |   112 |    96 ||   276

Table legend:
 A = Non-vault XP
 B = Vault XP
 C = Vault XP percentage of total XP
 D = Non-vault monster count
 E = Vault monster count
 F = Vault count percentage of total count
                 A         B        C        D         E       F
            +---------+---------+-------+---------+---------+-------
      Total |    1455 |     490 |  25.2 |     106 |      33 |  23.7
            +---------+---------+-------+---------+---------+-------
        D:1 |      42 |       6 |  12.5 |      23 |       4 |  14.8
        D:2 |     154 |      32 |  17.2 |      20 |       9 |  31.0
        D:3 |      99 |      51 |  34.0 |      11 |      11 |  50.0
        D:4 |     209 |       0 |   0.0 |      10 |       0 |   0.0
        D:5 |     602 |      71 |  10.5 |      19 |       7 |  26.9
        D:6 |     349 |     330 |  48.6 |      23 |       2 |   8.0
            +---------+---------+-------+---------+---------+-------
